 Dungeon Crawl Stone Soup version 0.18-a0-1121-gb454403 (webtiles) character file.

13266 ater218 the Spear-Bearer (level 11, 0/100 HPs)
             Began as a Minotaur Berserker on Jan 18, 2016.
             Was a High Priest of Trog.
             Slain by a polar bear (16 damage)
             ... in an ice cave.
             The game lasted 00:42:32 (10002 turns).

ater218 the Spear-Bearer (Minotaur Berserker)      Turns: 10002, Time: 00:42:32

Health: 0/100      AC: 20    Str: 25    XL:     11   Next: 73%
Magic:  10/10      EV: 10    Int:  4    God:    Trog [*****.]
Gold:   153        SH:  0    Dex: 10    Spells: 0 memorised, 10 levels left

rFire  + . .     SeeInvis .     q - +2 halberd
rCold  + + .     Gourm    .     o - +3 plate armour {rC+}
rNeg   . . .     Faith    .     (shield currently unavailable)
rPois  +         Spirit   .     (helmet restricted)
rElec  +         Dismiss  .     (no cloak)
rCorr  +         Reflect  .     D - +1 pair of gloves {archery}
SustAt .         Harm     .     (no boots)
MR     .....                    C - amulet of regeneration
Stlth  ..........               (no ring)
                                j - ring of resist corrosion

@: exhausted, resistant, not resistant to hostile enchantments, extremely
unstealthy
A: retaliatory headbutt, horns 2
a: Berserk, Trog's Hand, Brothers in Arms, Burn Spellbooks, Renounce Religion


You were in an ice cave.
You worshipped Trog.
Trog was extremely pleased with you.
You were not hungry.

You visited 2 branches of the dungeon, and saw 10 of its levels.
You also visited: Ice Cave.

You collected 418 gold pieces.
You spent 265 gold pieces at shops.

Inventory:

Hand Weapons
 q - a +2 halberd (weapon)
Armour
 o - a +3 plate armour of cold resistance (worn)
 D - a +1 pair of gloves of archery (worn)
Jewellery
 j - a ring of resist corrosion (left hand)
 C - an amulet of regeneration (around neck)
Wands
 w - a wand of teleportation (5/9)
Scrolls
 a - 2 scrolls of remove curse
 f - 2 scrolls of teleportation
 h - 2 scrolls of fear
 l - 2 scrolls of magic mapping
 r - 3 scrolls of fog
 s - 5 scrolls of identify
Potions
 b - 2 potions of resistance
 d - 3 potions of lignification
 e - 3 potions of beneficial mutation
 g - a potion of might
 i - 2 potions of curing
 k - a potion of brilliance
 A - a potion of agility
Comestibles
 c - 3 bread rations
 m - 3 slices of pizza
 n - 21 chunks of flesh
 p - 5 meat rations
 t - 3 beef jerkies
 u - 2 fruits
 v - 7 royal jellies


   Skills:
 + Level 10.3 Fighting
 * Level 14.3 Polearms
   Level 0.2 Bows
 + Level 11.7 Armour
 * Level 8.4 Dodging


You had 10 spell levels left.
You didn't know any spells.

Dungeon Overview and Level Annotations

Branches:
Dungeon (9/15)             Temple (0/1) D:5            Lair (1/8) D:9
    Orc: D:9-12

Altars:
Ashenzari
Cheibriados
Dithmenos
Kikubaaqudgha
Pakellas
Qazlal
Xom
Yredelemnul

Shops:
D:7 %(*%!


Innate Abilities, Weirdness & Mutations

You reflexively headbutt those who attack you in melee.
You have a pair of horns on your head.


Message History

Your plate armour prevents you from hitting the polar bear.
Your headbutt misses the polar bear.
The polar bear is almost dead.
The polar bear barely misses you.
The polar bear claws you but does no damage.
The polar bear barely misses you.
You hit the polar bear.
The polar bear is almost dead.
The polar bear bites you!!
The polar bear claws you but does no damage.
The polar bear misses you.
You closely miss the polar bear.
The polar bear is almost dead.
The polar bear bites you!!
* * * LOW HITPOINT WARNING * * *
The polar bear claws you but does no damage. x2
Drink which item? (? for menu, Esc to quit)
You feel protected. The polar bear bites you!
You die...

########### ###
#h@..รท.#..# #.##
#....###.##..#######...
..#.. #####...##..#...
#.# ###...##.... ..
##..#####... # #..##
##.. #### ##. #. #.


You could see a polar bear (berserk).

Vanquished Creatures
  The ghost of esc the Insei, a novice DsMo of Okawaru (D:6)
  6 elephants (Lair:1)
  A queen bee (D:8)
  5 polar bears (IceCv)
  A two-headed ogre (D:9)
  14 yaks
  Eustachio (D:5)
  2 hippogriffs
  A hungry ghost (D:7)
  9 wolves (IceCv)
  3 water moccasins
  Duvessa (D:6)
  A porcupine (Lair:1)
  2 ice beasts
  2 black bears
  2 sky beasts
  A wasp (D:9)
  2 necrophages (D:9)
  4 ogres
  4 orc warriors
  A phantom (D:9)
  2 centaurs
  2 big kobolds
  Blork the orc (D:6)
  9 giant frogs
  A wyvern skeleton (D:7)
  3 scorpions
  Dowan (D:6)
  21 killer bees
  3 giant frog zombies (D:5)
  A quasit (D:7)
  2 centaur zombies (D:7)
  5 orc priests
  5 hounds
  4 jellies
  A centaur skeleton (D:4)
  4 giant frog skeletons
  2 iguanas
  6 orc wizards
  5 worker ants
  2 hound skeletons
  2 worker ant zombies
  4 gnolls (D:3)
  10 river rats (Lair:1)
  9 adders
  3 shadow imps
  An ooze (D:2)
  2 adder zombies (D:5)
  3 adder skeletons
  4 worms
  4 giant geckos
  24 orcs
  10 bats
  A bat zombie (D:9)
  3 giant cockroaches
  8 goblins
  7 hobgoblins
  12 jackals
  4 quokkas
  5 ball pythons
  2 giant gecko zombies
  6 giant newts
  A jackal zombie (D:5)
  13 kobolds
  5 rats
  A rat zombie (D:9)
288 creatures vanquished.

Vanquished Creatures (others)
  A fungus (Lair:1)
1 creature vanquished.

Grand Total: 289 creatures vanquished

Notes
Turn   | Place    | Note
--------------------------------------------------------------
     0 | D:1      | ater218 the Minotaur Berserker began the quest for the Orb.
     0 | D:1      | Reached XP level 1. HP: 19/19 MP: 0/0
   140 | D:1      | Reached XP level 2. HP: 22/27 MP: 1/1
   362 | D:1      | Reached skill level 4 in Fighting
   530 | D:1      | Gained mutation: You have sharp toenails. [potion of beneficial mutation]
   654 | D:1      | Lost mutation: You have sharp toenails. [potion of cure mutation]
   938 | D:2      | Reached ** piety under Trog
   946 | D:2      | Reached XP level 3. HP: 30/33 MP: 2/2
  1238 | D:2      | Reached XP level 4. HP: 41/41 MP: 3/3
  1346 | D:2      | Found a shimmering altar of Xom.
  1346 | D:2      | Found a snail-covered altar of Cheibriados.
  1818 | D:3      | Reached skill level 5 in Polearms
  1819 | D:3      | Reached XP level 5. HP: 29/47 MP: 4/4
  1922 | D:3      | Reached *** piety under Trog
  2144 | D:3      | Reached skill level 5 in Fighting
  2653 | D:4      | Reached XP level 6. HP: 56/56 MP: 5/5
  2886 | D:5      | Entered Level 5 of the Dungeon
  2951 | D:5      | Found a shadowy altar of Dithmenos.
  3010 | D:5      | Noticed Eustachio
  3043 | D:5      | Killed Eustachio
  3043 | D:5      | Reached skill level 6 in Polearms
  3043 | D:5      | Reached skill level 5 in Armour
  3043 | D:5      | Reached XP level 7. HP: 58/61 MP: 6/6
  3366 | D:5      | Found a staircase to the Ecumenical Temple.
  3438 | D:5      | Reached skill level 7 in Polearms
  3492 | D:5      | Reached XP level 8. HP: 47/70 MP: 7/7
  4439 | D:6      | Noticed Blork the orc
  4449 | D:6      | Killed Blork the orc
  4449 | D:6      | Reached skill level 8 in Polearms
  4529 | D:6      | Noticed Dowan
  4538 | D:6      | Killed Dowan
  4538 | D:6      | Reached skill level 5 in Dodging
  4545 | D:6      | Noticed Duvessa
  4553 | D:6      | Killed Duvessa
  5174 | D:6      | Noticed esc's ghost (novice DsMo)
  5255 | D:6      | Killed esc's ghost
  5255 | D:6      | Reached skill level 9 in Polearms
  5255 | D:6      | Reached XP level 9. HP: 78/78 MP: 8/8
  5821 | D:7      | Found Yxypig's Food Shop.
  5824 | D:7      | Bought a meat ration for 50 gold pieces
  5824 | D:7      | Bought a slice of pizza for 15 gold pieces
  5824 | D:7      | Bought a slice of pizza for 15 gold pieces
  6095 | D:7      | Found Apritesk's Weapon Shop.
  6135 | D:7      | Found Xifusas's Food Boutique.
  6188 | D:7      | Bought a beef jerky for 21 gold pieces
  6188 | D:7      | Bought a slice of pizza for 21 gold pieces
  6218 | D:7      | Reached skill level 10 in Polearms
  6296 | D:7      | Found Coezoriv's Distillery.
  6554 | D:7      | Found Ympoef's Assorted Antiques.
  6591 | D:7      | Bought a pair of runed gloves for 99 gold pieces
  6591 | D:7      | Bought a scroll of identify for 44 gold pieces
  7105 | D:8      | Noticed a queen bee
  7125 | D:8      | Killed a queen bee
  7125 | D:8      | Reached skill level 11 in Polearms
  7152 | D:8      | Reached XP level 10. HP: 39/88 MP: 9/9
  7159 | D:8      | Reached **** piety under Trog
  7265 | D:8      | Found a basalt altar of Yredelemnul.
  7317 | D:8      | Reached skill level 10 in Armour
  7318 | D:8      | Found a shattered altar of Ashenzari.
  7323 | D:8      | Found an oddly glowing altar of Pakellas.
  7427 | D:8      | Found a stormy altar of Qazlal.
  8325 | D:9      | Reached skill level 12 in Polearms
  8524 | D:9      | Found an ancient bone altar of Kikubaaqudgha.
  8854 | D:9      | Found a staircase to the Lair.
  9296 | Lair:1   | Entered Level 1 of the Lair of Beasts
  9325 | Lair:1   | Reached XP level 11. HP: 97/97 MP: 10/10
  9330 | Lair:1   | Reached skill level 13 in Polearms
  9544 | Lair:1   | Reached ***** piety under Trog
  9570 | Lair:1   | Found a frozen archway.
  9620 | IceCv    | Entered an ice cave
  9836 | IceCv    | Reached skill level 14 in Polearms
  9952 | IceCv    | Reached skill level 10 in Fighting
 10002 | IceCv    | Slain by a polar bear

Vault maps used:
D:1:      dpeg_arrival_shrine
D:2:      gammafunk_temple_overflow_pools
D:4:      first_bread, minmay_misc_feat_encased
D:5:      nicolae_dithmenos_shadow_blocks, minmay_temple_entry_crystal_x,
          serial_undead, serial_undead_d, serial_undead_c, serial_undead_f,
          serial_undead_c, serial_undead_f, serial_undead_d, serial_undead_c,
          uniq_eustachio
D:6:      corner_web_ring, uniq_duvessa, uniq_blork_the_orc
D:7:      serial_shops, shop, shop, kennysheep_mini, shop,
          nicolae_shop_scaring_up_business
D:8:      grunt_temple_overflow_open, david_nohive_1, grunt_qazlal_sundering
D:9:      lemuel_zombie_altar_kikubaaqudgha, lair_0_dummy
Lair:1:   mu_elephants_graveyard, portal_ice_cave_entry_pillars_01
IceCv:    ice_cave_caverns_01

Action                   |  1- 3 |  4- 6 |  7- 9 | 10-12 || total
-------------------------+-------+-------+-------+-------++-------
Melee: Spear             |    94 |    63 |       |       ||   157
       Halberd           |       |    90 |   344 |   451 ||   885
 Fire: Shortbow          |       |       |     3 |       ||     3
Invok: Trog's Hand       |       |     1 |    13 |     6 ||    20
       Berserk           |       |     1 |    11 |     3 ||    15
  Use: Scroll            |     6 |     2 |     6 |     1 ||    15
       Potion            |     5 |       |     6 |     3 ||    14
  Eat: Chunk             |     1 |     6 |     8 |    14 ||    29
       Bread ration      |       |       |     3 |       ||     3
       Pizza             |       |       |     5 |       ||     5
